Devils vs Oilers (R1)

Created - 12 septembre 2014 at 19:02

Simulating a Pre-Season

Goals
1 2 3 T
Devils 3 2 1 6
Oilers 1 0 1 2
Shots
1 2 3 T
Devils 10 7 11 28
Oilers 12 15 8 35

1st period

1. Devils , Jason Arnott 1 (Greg Stewart, Stephen Weiss) at 6:41
2. Oilers , Joe Pavelski 2 (Ilya Kovalchuk, Duncan Keith) at 9:22
3. Devils , Stephen Weiss 2 (Zach Parise, Antti Miettinen) at 13:31
4. Devils , Zach Parise 1 (Patric Hornqvist, Stephen Weiss) at 18:17

Penalties :
No Penalty

2nd period

5. Devils , Vincent Lecavalier 4 (Maxim Afinogenov) at 5:52 (PP)
6. Devils , Jason Arnott 2 (Antti Miettinen, Patrick Eaves) at 16:34

Penalties :
Ilya Kovalchuk (Edm) for Hooking (Minor) at 5:42, Scott Niedermayer (Edm) for Tripping (Minor) at 7:34, Steve Staios (Edm) for Hooking (Minor) at 14:22, Pavel Datsyuk (Edm) for Hooking (Minor) at 19:24

3rd period

7. Devils , Mike Lundin 1 (Jay Bouwmeester, Vincent Lecavalier) at 3:38 (PP)
8. Oilers , Steve Begin 1 (Steve Staios, Zach Bogosian) at 19:39

Penalties :
Pavel Datsyuk (Edm) for Fighting (Major) at 3:28, Zach Parise (NJD) for Fighting (Major) at 3:28, Pavel Datsyuk (Edm) for instigated a fight (Minor) at 3:28, Pavel Datsyuk (Edm) for instigated a fight (10 Minutes Misconduct) at 3:28, Jason Arnott (NJD) for Elbowing (Minor) at 13:04, Zach Parise (NJD) for Roughing (Minor) at 17:21

Goalie Stats

Dan Ellis (NJD), 33 saves from 35 shots - (0,943), W, 1-0-0, 60:00 minutes
Cam Ward (Edm), 9 saves from 13 shots - (0,692), L, 0-2-0, 25:52 minutes
Sebastien Caron (Edm), 13 saves from 15 shots - (0,867), 34:08 minutes

Players Stats for Devils

Player Name              G  A  P  +/- PIM S  H  SB GA TA FO     MP     PP MP  PK MP  
------------------------------------------------------------------------------------
Andy Greene              0  0  0   1  0   1  1  1  0  0  0/0    14:08   0:00   0:12 
Antti Miettinen          0  2  2   2  0   0  0  1  0  0  0/1     9:29   0:00   1:44 
Ben Lovejoy              0  0  0   1  0   2  2  1  0  1  0/0    20:17   3:58   0:12 
Brad Ference             0  0  0   2  0   1  1  1  1  1  0/0    12:12   0:00   1:44 
Dustin Boyd              0  0  0  -1  0   0  0  0  0  1  3/4    13:50   0:00   1:24 
Greg Stewart             0  1  1   1  0   1  0  0  0  0  0/0     9:30   0:00   0:59 
Guillaume Latendresse    0  0  0   0  0   3  1  0  2  0  1/3    19:55   2:39   0:38 
Jason Arnott             2  0  2   2  2   2  0  0  1  0  1/3    10:48   0:10   0:56 
Jay Bouwmeester          0  1  1  -1  0   0  0  2  0  1  0/0    27:31   2:19   2:02 
Ladislav Nagy            0  0  0   0  0   0  1  1  0  0  0/1    13:18   0:00   1:38 
Maxim Afinogenov         0  1  1   0  0   3  1  0  1  0  1/3    20:11   3:38   0:00 
Mike Komisarek           0  0  0  -1  0   1  3  3  0  1  0/0    26:11   3:48   2:02 
Mike Lundin              1  0  1   2  0   2  1  1  0  3  0/0    19:41   2:29   1:44 
Patric Hornqvist         0  1  1   1  0   4  1  0  0  0  0/0    15:40   2:39   0:00 
Patrick Eaves            0  1  1   0  0   0  0  0  2  0  0/0    11:40   0:00   0:00 
Stephen Weiss            1  2  3   1  0   4  0  0  0  0  4/11   15:40   2:39   0:00 
Vincent Lecavalier       1  1  2   0  0   1  1  0  0  0  16/36  20:48   3:38   0:37 
Zach Parise              1  1  2   0  7   3  2  2  0  0  1/1    15:10   3:28   0:00 

Players Stats for Oilers

Player Name              G  A  P  +/- PIM S  H  SB GA TA FO     MP     PP MP  PK MP  
------------------------------------------------------------------------------------
Christian Ehrhoff        0  0  0   1  0   0  0  0  1  1  0/0    21:57   1:54   3:05 
Duncan Keith             0  1  1   1  0   1  0  1  0  0  0/0    21:34   1:54   2:43 
Eric Nystrom             0  0  0  -2  0   2  2  0  2  0  4/5    14:31   0:17   1:42 
Ian White                0  0  0  -2  0   1  0  1  0  1  0/0    26:01   2:04   3:34 
Ilya Kovalchuk           0  1  1  -1  2   9  3  0  1  0  4/10   23:09   2:01   4:16 
Joe Pavelski             1  0  1  -1  0   2  0  1  0  0  1/2    20:04   2:01   1:05 
Jonathan Toews           0  0  0   0  0   3  1  0  0  1  5/9    16:28   1:57   1:05 
Jordan Nolan             0  0  0   1  0   0  0  0  0  0  1/2     9:36   0:00   0:00 
Patrick Kaleta           0  0  0   0  0   2  0  1  1  1  1/3    15:17   1:57   0:00 
Pavel Datsyuk            0  0  0  -1  19  3  1  0  1  0  16/26  17:33   1:44   2:25 
Peter Regin              0  0  0  -2  0   3  0  1  1  1  4/6    12:36   0:00   2:01 
Scott Niedermayer        0  0  0  -2  2   1  3  1  0  1  0/0    24:37   2:04   2:11 
Steve Begin              1  0  1   1  0   2  0  0  0  0  0/0     9:42   0:00   0:00 
Steve Staios             0  1  1  -2  2   1  0  2  0  0  0/0    12:37   0:00   0:00 
Tomas Fleischmann        0  0  0   0  0   1  1  0  0  0  0/0    15:17   1:57   0:00 
Tyler Kennedy            0  0  0   1  0   2  1  1  1  0  0/0     9:25   0:00   0:00 
Wayne Simmonds           0  0  0  -1  0   1  0  0  0  1  0/0     9:48   0:00   0:00 
Zach Bogosian            0  1  1  -1  0   1  0  0  0  0  0/0    13:26   0:00   1:01 

3 Stars

1 - Stephen Weiss (NJD)
2 - Jason Arnott (NJD)
3 - Mike Lundin (NJD)

Power Play

Devils - 2 on 5 Attempt(s) - 40,00%
Oilers - 0 on 2 Attempt(s) - 0,00%

Penalty Kill

Devils - 2 on 2 Attempt(s) - 100,00% - Score 0 goal in Penalty Kill
Oilers - 3 on 5 Attempt(s) - 60,00% - Score 0 goal in Penalty Kill

Official

Referees : McCauley Wes and Meier Brad
Linesman : Mark Pare and Brad Lazarowich

Game Notes

Sebastien Caron enters game at 5:52 of 2nd period
Zach Parise beats up Pavel Datsyuk at 3:28 of 3rd period

Devils

5 vs 5 Forward 
   Center                   Left Wing                Right Wing               Time % Phy DF OF 
 1 Vincent Lecavalier       Guillaume Latendresse    Maxim Afinogenov         40     1   2  2  
 2 Stephen Weiss            Zach Parise              Patric Hornqvist         30     1   2  2  
 3 Dustin Boyd              Ladislav Nagy            Patrick Eaves            20     1   2  2  
 4 Jason Arnott             Greg Stewart             Antti Miettinen          10     1   2  2  

5 vs 5 Defense 
   Defense                  Defense                                           Time % Phy DF OF 
 1 Jay Bouwmeester          Mike Komisarek                                    40     1   2  2  
 2 Ben Lovejoy              Mike Lundin                                       30     1   2  2  
 3 Brad Ference             Andy Greene                                       20     1   2  2  
 4 Andy Greene              Jay Bouwmeester                                   10     1   2  2  

PowerPlay Forward 
   Center                   Left Wing                Right Wing               Time % Phy DF OF 
 1 Vincent Lecavalier       Zach Parise              Maxim Afinogenov         60     1   2  2  
 2 Stephen Weiss            Guillaume Latendresse    Patric Hornqvist         40     1   2  2  

PowerPlay Defense
   Defense                  Defense                                           Time % Phy DF OF 
 1 Mike Komisarek           Ben Lovejoy                                       60     1   2  2  
 2 Jay Bouwmeester          Mike Lundin                                       40     1   2  2  

Penalty Kill 4 Players Forward 
   Center                   Wing                     Time % Phy DF OF 
 1 Jason Arnott             Antti Miettinen          60     1   2  2  
 2 Vincent Lecavalier       Zach Parise              40     1   2  2  

Penalty Kill 4 Players Defense
   Defense                  Defense                  Time % Phy DF OF 
 1 Jay Bouwmeester          Mike Komisarek           60     1   2  2  
 2 Brad Ference             Mike Lundin              40     1   2  2  

Penalty Kill - 3 Players Forward 
   Forward                                           Time % Phy DF OF 
 1 Jason Arnott                                      60     1   2  2  
 2 Vincent Lecavalier                                40     1   2  2  

Penalty Kill - 3 Players Defense
   Defense                  Defense                  Time % Phy DF OF 
 1 Brad Ference             Mike Lundin              60     1   2  2  
 2 Mike Komisarek           Jay Bouwmeester          40     1   2  2  

4 vs 4 Forward 
   Center                   Wing                     Time % Phy DF OF 
 1 Jason Arnott             Zach Parise              60     1   2  2  
 2 Stephen Weiss            Guillaume Latendresse    40     1   2  2  

4 vs 4 Defense
   Defense                  Defense                  Time % Phy DF OF 
 1 Brad Ference             Jay Bouwmeester          60     1   2  2  
 2 Mike Komisarek           Ben Lovejoy              40     1   2  2  

Last Minutes Offensive
   Center                   Left Wing                Right Wing               Defense                  Defense                  
   Vincent Lecavalier       Zach Parise              Maxim Afinogenov         Ben Lovejoy              Jay Bouwmeester          

Last Minutes Defensive
   Center                   Left Wing                Right Wing               Defense                  Defense                  
   Vincent Lecavalier       Zach Parise              Maxim Afinogenov         Ben Lovejoy              Jay Bouwmeester          

Goaltenders
Starting : Dan Ellis                
Backup : Viktor Fasth             

Extra Forwards
Normal : Jason Arnott, Antti Miettinen, Ladislav Nagy - PP : Jason Arnott, Antti Miettinen - PK : Ladislav Nagy
Extra Defensemen
Normal : Mike Lundin, Mike Komisarek, Andy Greene - PP : Mike Lundin - PK : Ben Lovejoy, Andy Greene
Penalty Shots
Vincent Lecavalier, Zach Parise, Maxim Afinogenov, Stephen Weiss, Guillaume Latendresse

Oilers

5 vs 5 Forward 
   Center                   Left Wing                Right Wing               Time % Phy DF OF 
 1 Pavel Datsyuk            Ilya Kovalchuk           Joe Pavelski             40     1   2  2  
 2 Jonathan Toews           Tomas Fleischmann        Patrick Kaleta           30     1   2  2  
 3 Peter Regin              Eric Nystrom             Wayne Simmonds           20     1   2  2  
 4 Jordan Nolan             Steve Begin              Tyler Kennedy            10     1   2  2  

5 vs 5 Defense 
   Defense                  Defense                                           Time % Phy DF OF 
 1 Ian White                Scott Niedermayer                                 40     1   2  2  
 2 Duncan Keith             Christian Ehrhoff                                 30     1   2  2  
 3 Steve Staios             Zach Bogosian                                     20     1   2  2  
 4 Ian White                Scott Niedermayer                                 10     1   2  2  

PowerPlay Forward 
   Center                   Left Wing                Right Wing               Time % Phy DF OF 
 1 Pavel Datsyuk            Ilya Kovalchuk           Joe Pavelski             60     1   2  2  
 2 Jonathan Toews           Tomas Fleischmann        Patrick Kaleta           40     1   2  2  

PowerPlay Defense
   Defense                  Defense                                           Time % Phy DF OF 
 1 Ian White                Scott Niedermayer                                 60     1   2  2  
 2 Duncan Keith             Christian Ehrhoff                                 40     1   2  2  

Penalty Kill 4 Players Forward 
   Center                   Wing                     Time % Phy DF OF 
 1 Ilya Kovalchuk           Pavel Datsyuk            60     1   2  2  
 2 Joe Pavelski             Jonathan Toews           40     1   2  2  

Penalty Kill 4 Players Defense
   Defense                  Defense                  Time % Phy DF OF 
 1 Ian White                Scott Niedermayer        60     1   2  2  
 2 Duncan Keith             Christian Ehrhoff        40     1   2  2  

Penalty Kill - 3 Players Forward 
   Forward                                           Time % Phy DF OF 
 1 Ilya Kovalchuk                                    60     1   2  2  
 2 Pavel Datsyuk                                     40     1   2  2  

Penalty Kill - 3 Players Defense
   Defense                  Defense                  Time % Phy DF OF 
 1 Ian White                Scott Niedermayer        60     1   2  2  
 2 Duncan Keith             Christian Ehrhoff        40     1   2  2  

4 vs 4 Forward 
   Center                   Wing                     Time % Phy DF OF 
 1 Ilya Kovalchuk           Pavel Datsyuk            60     1   2  2  
 2 Joe Pavelski             Jonathan Toews           40     1   2  2  

4 vs 4 Defense
   Defense                  Defense                  Time % Phy DF OF 
 1 Ian White                Scott Niedermayer        60     1   2  2  
 2 Duncan Keith             Christian Ehrhoff        40     1   2  2  

Last Minutes Offensive
   Center                   Left Wing                Right Wing               Defense                  Defense                  
   Pavel Datsyuk            Ilya Kovalchuk           Joe Pavelski             Ian White                Scott Niedermayer        

Last Minutes Defensive
   Center                   Left Wing                Right Wing               Defense                  Defense                  
   Pavel Datsyuk            Ilya Kovalchuk           Joe Pavelski             Ian White                Scott Niedermayer        

Goaltenders
Starting : Cam Ward                 
Backup : Sebastien Caron          

Extra Forwards
Normal : Eric Nystrom, Steve Begin, Peter Regin - PP : Eric Nystrom, Steve Begin - PK : Peter Regin
Extra Defensemen
Normal : Steve Staios, Zach Bogosian, Duncan Keith - PP : Steve Staios - PK : Zach Bogosian, Duncan Keith
Penalty Shots
Ilya Kovalchuk, Pavel Datsyuk, Joe Pavelski, Jonathan Toews, Tomas Fleischmann

% Time on Ice - Devils

Lines # - Real PCT - Wanted PCT - Time Play
Normal Forward
1 - 35% - 40% - 17:19
2 - 26% - 30% - 13:01
3 - 23% - 20% - 11:40
4 - 16% - 10% - 7:45
Normal Defense
1 - 42% - 40% - 20:40
2 - 31% - 30% - 15:28
3 - 21% - 20% - 10:28
4 - 6% - 10% - 3:09
PP Forward
1 - 58% - 60% - 3:38
2 - 42% - 40% - 2:39
PP Defense
1 - 63% - 60% - 3:58
2 - 37% - 40% - 2:19
PK Forward
1 - 84% - 60% - 3:21
2 - 16% - 40% - 0:37
PK Defense
1 - 56% - 60% - 2:14
2 - 44% - 40% - 1:44
PK3 Forward
1 - 0% - 60%
2 - 0% - 40%
PK3 Defense
1 - 0% - 60%
2 - 0% - 40%
44 Forward
1 - 0% - 60%
2 - 0% - 40%
44 Defense
1 - 0% - 60%
2 - 0% - 40%
Last Minute Offensive  - 0:00
Last Minute Defensive  - 0:00
Total
Forward - 60:00
Defense - 60:00

% Time on Ice - Oilers

Lines # - Real PCT - Wanted PCT - Time Play
Normal Forward
1 - 34% - 40% - 17:06
2 - 27% - 30% - 13:26
3 - 20% - 20% - 9:48
4 - 19% - 10% - 9:25
Normal Defense
1 - 37% - 40% - 18:30
2 - 34% - 30% - 16:57
3 - 25% - 20% - 12:25
4 - 4% - 10% - 1:53
PP Forward
1 - 51% - 60% - 2:01
2 - 49% - 40% - 1:57
PP Defense
1 - 52% - 60% - 2:04
2 - 48% - 40% - 1:54
PK Forward
1 - 83% - 60% - 5:12
2 - 17% - 40% - 1:05
PK Defense
1 - 57% - 60% - 3:34
2 - 43% - 40% - 2:43
PK3 Forward
1 - 0% - 60%
2 - 0% - 40%
PK3 Defense
1 - 0% - 60%
2 - 0% - 40%
44 Forward
1 - 0% - 60%
2 - 0% - 40%
44 Defense
1 - 0% - 60%
2 - 0% - 40%
Last Minute Offensive  - 0:00
Last Minute Defensive  - 0:00
Total
Forward - 60:00
Defense - 60:00

Play by Play

1st period


0:01 of 1st period - Pavel Datsyuk wins face-off versus Vincent Lecavalier in neutral zone.
0:26 of 1st period - Zach Parise is hit by Scott Niedermayer and loses puck.
1:16 of 1st period - Duncan Keith is hit by Guillaume Latendresse and loses puck.
1:23 of 1st period - Wrist shot by Wayne Simmonds.
1:23 of 1st period - Shot Misses the Net.
1:33 of 1st period - Slapshot by Jason Arnott.
1:33 of 1st period - Shot Misses the Net.
1:55 of 1st period - Wrist shot by Patric Hornqvist.
1:55 of 1st period - Stopped by Cam Ward with a rebound.
1:57 of 1st period - Slapshot by Mike Lundin.
1:57 of 1st period - Stopped by Cam Ward without a rebound.
1:58 of 1st period - Zach Parise wins face-off versus Jonathan Toews in Oilers zone.
2:07 of 1st period - Snap shot by Stephen Weiss.
2:07 of 1st period - Stopped by Cam Ward without a rebound.
2:08 of 1st period - Vincent Lecavalier wins face-off versus Jonathan Toews in Oilers zone.
3:05 of 1st period - Backhand shot by Peter Regin.
3:05 of 1st period - Stopped by Dan Ellis with a rebound.
3:15 of 1st period - Snap shot by Greg Stewart.
3:15 of 1st period - Shot Misses the Net.
3:22 of 1st period - Off-side.
3:23 of 1st period - Vincent Lecavalier wins face-off versus Pavel Datsyuk in neutral zone.
3:48 of 1st period - Duncan Keith is hit by Ladislav Nagy and loses puck.
3:59 of 1st period - Off-side.
4:00 of 1st period - Stephen Weiss wins face-off versus Pavel Datsyuk in neutral zone.
4:15 of 1st period - Zach Parise is hit by Ilya Kovalchuk.
4:35 of 1st period - Wrist shot by Maxim Afinogenov.
4:35 of 1st period - Shot Misses the Net.
5:24 of 1st period - Slapshot by Ian White.
5:24 of 1st period - Shot Blocked by Zach Parise.
6:39 of 1st period - Snap shot by Greg Stewart.
6:39 of 1st period - Shot Blocked by Steve Staios.
6:41 of 1st period - Snap shot by Greg Stewart.
6:41 of 1st period - Deflect By Jason Arnott.
6:41 of 1st period - Goal by Jason Arnott - Devils : 1 - Oilers : 0.
6:42 of 1st period - Pavel Datsyuk wins face-off versus Vincent Lecavalier in neutral zone.
7:13 of 1st period - Snap shot by Peter Regin.
7:13 of 1st period - Shot Misses the Net.
7:35 of 1st period - Snap shot by Vincent Lecavalier.
7:35 of 1st period - Shot Misses the Net.
7:37 of 1st period - Backhand shot by Vincent Lecavalier.
7:37 of 1st period - Shot Misses the Net.
7:39 of 1st period - Snap shot by Guillaume Latendresse.
7:39 of 1st period - Stopped by Cam Ward with a rebound.
7:41 of 1st period - Slapshot by Brad Ference.
7:41 of 1st period - Stopped by Cam Ward with a rebound.
8:02 of 1st period - Slapshot by Vincent Lecavalier.
8:02 of 1st period - Shot Misses the Net.
8:04 of 1st period - Wrist shot by Maxim Afinogenov.
8:04 of 1st period - Shot Misses the Net.
8:06 of 1st period - Snap shot by Guillaume Latendresse.
8:06 of 1st period - Stopped by Cam Ward without a rebound.
8:07 of 1st period - Pavel Datsyuk wins face-off versus Stephen Weiss in Oilers zone.
8:51 of 1st period - Patrick Kaleta is hit by Brad Ference.
9:05 of 1st period - Snap shot by Jonathan Toews.
9:05 of 1st period - Stopped by Dan Ellis without a rebound.
9:06 of 1st period - Stephen Weiss wins face-off versus Pavel Datsyuk in Devils zone.
9:11 of 1st period - Slapshot by Jay Bouwmeester.
9:11 of 1st period - Shot Blocked by Duncan Keith.
9:20 of 1st period - Snap shot by Ilya Kovalchuk.
9:20 of 1st period - Stopped by Dan Ellis with a rebound.
9:22 of 1st period - Wrist shot by Joe Pavelski.
9:22 of 1st period - Goal by Joe Pavelski - Devils : 1 - Oilers : 1.
9:23 of 1st period - Pavel Datsyuk wins face-off versus Stephen Weiss in neutral zone.
11:17 of 1st period - Wrist shot by Steve Begin.
11:17 of 1st period - Stopped by Dan Ellis without a rebound.
11:18 of 1st period - Vincent Lecavalier wins face-off versus Jordan Nolan in Devils zone.
11:45 of 1st period - Antti Miettinen is hit by Ilya Kovalchuk and loses puck.
13:07 of 1st period - Wrist shot by Jason Arnott.
13:07 of 1st period - Shot Misses the Net.
13:29 of 1st period - Wrist shot by Zach Parise.
13:29 of 1st period - Shot Blocked by Steve Staios.
13:31 of 1st period - Snap shot by Stephen Weiss.
13:31 of 1st period - Goal by Stephen Weiss - Devils : 2 - Oilers : 1.
13:32 of 1st period - Vincent Lecavalier wins face-off versus Pavel Datsyuk in neutral zone.
13:36 of 1st period - Icing by Ilya Kovalchuk.
13:37 of 1st period - Vincent Lecavalier wins face-off versus Pavel Datsyuk in Oilers zone.
13:52 of 1st period - Vincent Lecavalier is hit by Pavel Datsyuk and loses puck.
14:10 of 1st period - Icing by Pavel Datsyuk.
14:11 of 1st period - Pavel Datsyuk wins face-off versus Stephen Weiss in Oilers zone.
14:22 of 1st period - Slapshot by Ilya Kovalchuk.
14:22 of 1st period - Shot Blocked by Zach Parise.
14:24 of 1st period - Slapshot by Ian White.
14:24 of 1st period - Stopped by Dan Ellis with a rebound.
14:26 of 1st period - Wrist shot by Pavel Datsyuk.
14:26 of 1st period - Stopped by Dan Ellis without a rebound.
14:27 of 1st period - Patrick Kaleta wins face-off versus Vincent Lecavalier in Devils zone.
16:25 of 1st period - Wrist shot by Zach Parise.
16:25 of 1st period - Shot Misses the Net.
16:56 of 1st period - Off-side.
16:57 of 1st period - Pavel Datsyuk wins face-off versus Jason Arnott in neutral zone.
17:12 of 1st period - Slapshot by Joe Pavelski.
17:12 of 1st period - Stopped by Dan Ellis with a rebound.
17:28 of 1st period - Backhand shot by Patrick Kaleta.
17:28 of 1st period - Deflect By Jonathan Toews.
17:28 of 1st period - Stopped by Dan Ellis without a rebound.
17:29 of 1st period - Vincent Lecavalier wins face-off versus Jonathan Toews in Devils zone.
17:44 of 1st period - Wrist shot by Guillaume Latendresse.
17:44 of 1st period - Stopped by Cam Ward without a rebound.
17:45 of 1st period - Stephen Weiss wins face-off versus Pavel Datsyuk in Oilers zone.
18:15 of 1st period - Slapshot by Stephen Weiss.
18:15 of 1st period - Shot Blocked by Peter Regin.
18:17 of 1st period - Wrist shot by Patric Hornqvist.
18:17 of 1st period - Deflect By Zach Parise.
18:17 of 1st period - Goal by Zach Parise - Devils : 3 - Oilers : 1.
18:18 of 1st period - Vincent Lecavalier wins face-off versus Pavel Datsyuk in neutral zone.
18:43 of 1st period - Mike Komisarek is hit by Jonathan Toews and loses puck.
19:12 of 1st period - Wrist shot by Eric Nystrom.
19:12 of 1st period - Deflect By Ladislav Nagy.
19:12 of 1st period - Shot Blocked by Ladislav Nagy.
19:12 of 1st period - Puck is out of play.
19:13 of 1st period - Pavel Datsyuk wins face-off versus Maxim Afinogenov in Devils zone.
19:16 of 1st period - Slapshot by Ilya Kovalchuk.
19:16 of 1st period - Stopped by Dan Ellis without a rebound.
19:17 of 1st period - Pavel Datsyuk wins face-off versus Vincent Lecavalier in Devils zone.
19:18 of 1st period - Wrist shot by Ilya Kovalchuk.
19:18 of 1st period - Stopped by Dan Ellis without a rebound.
19:19 of 1st period - Pavel Datsyuk wins face-off versus Vincent Lecavalier in Devils zone.
19:22 of 1st period - Slapshot by Ilya Kovalchuk.
19:22 of 1st period - Stopped by Dan Ellis with a rebound.
Goals for this period are 3 for Devils vs 1 for Oilers.
Shots for this period are 10 for Devils vs 12 for Oilers.

2nd period


0:01 of 2nd period - Maxim Afinogenov wins face-off versus Patrick Kaleta in neutral zone.
0:37 of 2nd period - Snap shot by Ilya Kovalchuk.
0:37 of 2nd period - Stopped by Dan Ellis without a rebound.
0:38 of 2nd period - Peter Regin wins face-off versus Vincent Lecavalier in Devils zone.
0:45 of 2nd period - Slapshot by Peter Regin.
0:45 of 2nd period - Shot Misses the Net.
0:47 of 2nd period - Snap shot by Eric Nystrom.
0:47 of 2nd period - Stopped by Dan Ellis without a rebound.
0:48 of 2nd period - Peter Regin wins face-off versus Vincent Lecavalier in Devils zone.
0:52 of 2nd period - Slapshot by Christian Ehrhoff.
0:52 of 2nd period - Shot Misses the Net.
0:54 of 2nd period - Backhand shot by Eric Nystrom.
0:54 of 2nd period - Shot Misses the Net.
1:04 of 2nd period - Slapshot by Vincent Lecavalier.
1:04 of 2nd period - Shot Misses the Net.
1:12 of 2nd period - Snap shot by Maxim Afinogenov.
1:12 of 2nd period - Shot Misses the Net.
1:28 of 2nd period - Slapshot by Duncan Keith.
1:28 of 2nd period - Shot Misses the Net.
1:41 of 2nd period - Icing by Vincent Lecavalier.
1:42 of 2nd period - Jonathan Toews wins face-off versus Vincent Lecavalier in Devils zone.
1:43 of 2nd period - Snap shot by Patrick Kaleta.
1:43 of 2nd period - Stopped by Dan Ellis without a rebound.
1:44 of 2nd period - Jonathan Toews wins face-off versus Stephen Weiss in Devils zone.
1:59 of 2nd period - Snap shot by Stephen Weiss.
1:59 of 2nd period - Stopped by Cam Ward without a rebound.
2:00 of 2nd period - Dustin Boyd wins face-off versus Pavel Datsyuk in Oilers zone.
2:25 of 2nd period - Jonathan Toews is hit by Patric Hornqvist and loses puck.
2:32 of 2nd period - Wrist shot by Stephen Weiss.
2:32 of 2nd period - Deflect By Tomas Fleischmann.
2:32 of 2nd period - Shot Blocked by Patrick Kaleta.
2:32 of 2nd period - Puck is out of play.
2:33 of 2nd period - Joe Pavelski wins face-off versus Vincent Lecavalier in Oilers zone.
3:07 of 2nd period - Slapshot by Stephen Weiss.
3:07 of 2nd period - Shot Misses the Net.
3:17 of 2nd period - Slapshot by Duncan Keith.
3:17 of 2nd period - Stopped by Dan Ellis with a rebound.
5:34 of 2nd period - Wrist shot by Zach Parise.
5:34 of 2nd period - Shot Blocked by Joe Pavelski.
5:36 of 2nd period - Slapshot by Andy Greene.
5:36 of 2nd period - Shot Misses the Net.
5:42 of 2nd period - Minor Penalty to Ilya Kovalchuk for Hooking.
5:43 of 2nd period - Vincent Lecavalier wins face-off versus Peter Regin in Oilers zone.
5:46 of 2nd period - Snap shot by Maxim Afinogenov.
5:46 of 2nd period - Stopped by Cam Ward without a rebound.
5:47 of 2nd period - Vincent Lecavalier wins face-off versus Peter Regin in Oilers zone.
5:52 of 2nd period - Snap shot by Maxim Afinogenov.
5:52 of 2nd period - Deflect By Vincent Lecavalier.
5:52 of 2nd period - Goal by Vincent Lecavalier - Devils : 4 - Oilers : 1.
5:52 of 2nd period - Sebastien Caron enters game.
5:53 of 2nd period - Pavel Datsyuk wins face-off versus Guillaume Latendresse in neutral zone.
6:25 of 2nd period - Wrist shot by Patrick Kaleta.
6:25 of 2nd period - Shot Misses the Net.
6:27 of 2nd period - Slapshot by Scott Niedermayer.
6:27 of 2nd period - Stopped by Dan Ellis with a rebound.
6:46 of 2nd period - Wrist shot by Steve Begin.
6:46 of 2nd period - Shot Misses the Net.
7:03 of 2nd period - Icing by Pavel Datsyuk.
7:04 of 2nd period - Pavel Datsyuk wins face-off versus Jason Arnott in Oilers zone.
7:15 of 2nd period - Backhand shot by Ilya Kovalchuk.
7:15 of 2nd period - Shot Misses the Net.
7:17 of 2nd period - Slapshot by Duncan Keith.
7:17 of 2nd period - Shot Misses the Net.
7:19 of 2nd period - Snap shot by Ilya Kovalchuk.
7:19 of 2nd period - Deflect By Mike Komisarek.
7:19 of 2nd period - Shot Misses the Net.
7:19 of 2nd period - Puck is out of play.
7:20 of 2nd period - Jonathan Toews wins face-off versus Vincent Lecavalier in Devils zone.
7:25 of 2nd period - Wrist shot by Jonathan Toews.
7:25 of 2nd period - Shot Blocked by Mike Komisarek.
7:34 of 2nd period - Minor Penalty to Scott Niedermayer for Tripping.
7:35 of 2nd period - Ilya Kovalchuk wins face-off versus Vincent Lecavalier in Oilers zone.
7:35 of 2nd period - Ilya Kovalchuk is hit by Vincent Lecavalier.
8:11 of 2nd period - Snap shot by Patric Hornqvist.
8:11 of 2nd period - Shot Misses the Net.
8:13 of 2nd period - Slapshot by Mike Lundin.
8:13 of 2nd period - Deflect By Patric Hornqvist.
8:13 of 2nd period - Stopped by Sebastien Caron without a rebound.
8:14 of 2nd period - Guillaume Latendresse wins face-off versus Ilya Kovalchuk in Oilers zone.
8:15 of 2nd period - Snap shot by Patric Hornqvist.
8:15 of 2nd period - Stopped by Sebastien Caron without a rebound.
8:16 of 2nd period - Vincent Lecavalier wins face-off versus Ilya Kovalchuk in Oilers zone.
8:41 of 2nd period - Jonathan Toews is hit by Mike Komisarek and loses puck.
9:34 of 2nd period - Penalty to Scott Niedermayer is over, Scott Niedermayer is back on ice.
10:01 of 2nd period - Scott Niedermayer is hit by Andy Greene and loses puck.
10:10 of 2nd period - Wrist shot by Steve Begin.
10:10 of 2nd period - Deflect By Tyler Kennedy.
10:10 of 2nd period - Stopped by Dan Ellis without a rebound.
10:11 of 2nd period - Dustin Boyd wins face-off versus Patrick Kaleta in Devils zone.
10:36 of 2nd period - Snap shot by Eric Nystrom.
10:36 of 2nd period - Stopped by Dan Ellis with a rebound.
10:38 of 2nd period - Slapshot by Duncan Keith.
10:38 of 2nd period - Shot Blocked by Jay Bouwmeester.
10:46 of 2nd period - Snap shot by Peter Regin.
10:46 of 2nd period - Shot Misses the Net.
10:58 of 2nd period - Patrick Eaves is hit by Tyler Kennedy and loses puck.
11:51 of 2nd period - Snap shot by Patrick Kaleta.
11:51 of 2nd period - Stopped by Dan Ellis with a rebound.
12:45 of 2nd period - Snap shot by Ilya Kovalchuk.
12:45 of 2nd period - Stopped by Dan Ellis with a rebound.
13:03 of 2nd period - Slapshot by Jonathan Toews.
13:03 of 2nd period - Stopped by Dan Ellis without a rebound.
13:04 of 2nd period - Jonathan Toews wins face-off versus Vincent Lecavalier in Devils zone.
13:05 of 2nd period - Snap shot by Patrick Kaleta.
13:05 of 2nd period - Shot Misses the Net.
13:51 of 2nd period - Peter Regin is hit by Mike Komisarek and loses puck.
13:58 of 2nd period - Snap shot by Ladislav Nagy.
13:58 of 2nd period - Shot Misses the Net.
14:22 of 2nd period - Minor Penalty to Steve Staios for Hooking.
14:23 of 2nd period - Vincent Lecavalier wins face-off versus Ilya Kovalchuk in Oilers zone.
14:23 of 2nd period - Slapshot by Zach Parise.
14:23 of 2nd period - Stopped by Sebastien Caron without a rebound.
14:24 of 2nd period - Vincent Lecavalier wins face-off versus Ilya Kovalchuk in Oilers zone.
14:57 of 2nd period - Scott Niedermayer is hit by Mike Komisarek and loses puck.
15:40 of 2nd period - Guillaume Latendresse is hit by Ilya Kovalchuk and loses puck.
16:19 of 2nd period - Ben Lovejoy is hit by Eric Nystrom and loses puck.
16:22 of 2nd period - Penalty to Steve Staios is over, Steve Staios is back on ice.
16:32 of 2nd period - Snap shot by Antti Miettinen.
16:32 of 2nd period - Shot Blocked by Ian White.
16:34 of 2nd period - Wrist shot by Jason Arnott.
16:34 of 2nd period - Goal by Jason Arnott - Devils : 5 - Oilers : 1.
16:35 of 2nd period - Dustin Boyd wins face-off versus Pavel Datsyuk in neutral zone.
16:38 of 2nd period - Slapshot by Ilya Kovalchuk.
16:38 of 2nd period - Deflect By Pavel Datsyuk.
16:38 of 2nd period - Shot Blocked by Mike Komisarek.
16:38 of 2nd period - Puck is out of play.
16:39 of 2nd period - Pavel Datsyuk wins face-off versus Dustin Boyd in Devils zone.
16:42 of 2nd period - Wrist shot by Ilya Kovalchuk.
16:42 of 2nd period - Stopped by Dan Ellis with a rebound.
16:44 of 2nd period - Snap shot by Ilya Kovalchuk.
16:44 of 2nd period - Stopped by Dan Ellis with a rebound.
16:52 of 2nd period - Slapshot by Ilya Kovalchuk.
16:52 of 2nd period - Stopped by Dan Ellis without a rebound.
16:53 of 2nd period - Pavel Datsyuk wins face-off versus Vincent Lecavalier in Devils zone.
16:54 of 2nd period - Snap shot by Ilya Kovalchuk.
16:54 of 2nd period - Shot Blocked by Mike Komisarek.
16:56 of 2nd period - Snap shot by Pavel Datsyuk.
16:56 of 2nd period - Stopped by Dan Ellis with a rebound.
17:18 of 2nd period - Scott Niedermayer is hit by Zach Parise and loses puck.
18:33 of 2nd period - Wrist shot by Tomas Fleischmann.
18:33 of 2nd period - Deflect By Dustin Boyd.
18:33 of 2nd period - Stopped by Dan Ellis with a rebound.
18:41 of 2nd period - Snap shot by Patrick Eaves.
18:41 of 2nd period - Deflect By Dustin Boyd.
18:41 of 2nd period - Shot Blocked by Tyler Kennedy.
18:41 of 2nd period - Puck is out of play.
18:42 of 2nd period - Jordan Nolan wins face-off versus Vincent Lecavalier in Oilers zone.
18:42 of 2nd period - Jordan Nolan is hit by Maxim Afinogenov.
18:56 of 2nd period - Slapshot by Guillaume Latendresse.
18:56 of 2nd period - Shot Hit the Post.
18:58 of 2nd period - Snap shot by Maxim Afinogenov.
18:58 of 2nd period - Shot Misses the Net.
19:24 of 2nd period - Minor Penalty to Pavel Datsyuk for Hooking.
19:25 of 2nd period - Ilya Kovalchuk wins face-off versus Vincent Lecavalier in Oilers zone.
Goals for this period are 2 for Devils vs 0 for Oilers.
Shots for this period are 7 for Devils vs 15 for Oilers.

3rd period


0:01 of 3rd period - Ilya Kovalchuk wins face-off versus Vincent Lecavalier in neutral zone.
0:35 of 3rd period - Off-side.
0:36 of 3rd period - Vincent Lecavalier wins face-off versus Ilya Kovalchuk in neutral zone.
1:24 of 3rd period - Penalty to Pavel Datsyuk is over, Pavel Datsyuk is back on ice.
1:40 of 3rd period - Duncan Keith is hit by Ben Lovejoy and loses puck.
1:59 of 3rd period - Snap shot by Jonathan Toews.
1:59 of 3rd period - Shot Misses the Net.
2:01 of 3rd period - Snap shot by Christian Ehrhoff.
2:01 of 3rd period - Shot Blocked by Andy Greene.
2:16 of 3rd period - Wrist shot by Stephen Weiss.
2:16 of 3rd period - Shot Misses the Net.
2:18 of 3rd period - Slapshot by Andy Greene.
2:18 of 3rd period - Stopped by Sebastien Caron with a rebound.
2:20 of 3rd period - Slapshot by Andy Greene.
2:20 of 3rd period - Shot Misses the Net.
2:22 of 3rd period - Wrist shot by Stephen Weiss.
2:22 of 3rd period - Stopped by Sebastien Caron with a rebound.
2:49 of 3rd period - Tyler Kennedy is hit by Ben Lovejoy and loses puck.
3:16 of 3rd period - Wrist shot by Maxim Afinogenov.
3:16 of 3rd period - Stopped by Sebastien Caron with a rebound.
3:18 of 3rd period - Snap shot by Maxim Afinogenov.
3:18 of 3rd period - Stopped by Sebastien Caron without a rebound.
3:19 of 3rd period - Pavel Datsyuk wins face-off versus Stephen Weiss in Oilers zone.
3:19 of 3rd period - Pavel Datsyuk is hit by Zach Parise.
3:28 of 3rd period - Zach Parise beats up Pavel Datsyuk.
3:28 of 3rd period - Penalty to Pavel Datsyuk for Fighting.
3:28 of 3rd period - Penalty to Zach Parise for Fighting.
3:28 of 3rd period - Penalty to Pavel Datsyuk for instigated a fight.
3:28 of 3rd period - Penalty to Pavel Datsyuk for instigated a fight.
3:29 of 3rd period - Vincent Lecavalier wins face-off versus Ilya Kovalchuk in Oilers zone.
3:34 of 3rd period - Snap shot by Vincent Lecavalier.
3:34 of 3rd period - Shot Blocked by Scott Niedermayer.
3:36 of 3rd period - Snap shot by Jay Bouwmeester.
3:36 of 3rd period - Shot Misses the Net.
3:38 of 3rd period - Wrist shot by Mike Lundin.
3:38 of 3rd period - Goal by Mike Lundin - Devils : 6 - Oilers : 1.
3:39 of 3rd period - Eric Nystrom wins face-off versus Vincent Lecavalier in neutral zone.
4:26 of 3rd period - Wrist shot by Patric Hornqvist.
4:26 of 3rd period - Stopped by Sebastien Caron with a rebound.
4:53 of 3rd period - Slapshot by Mike Komisarek.
4:53 of 3rd period - Stopped by Sebastien Caron with a rebound.
4:55 of 3rd period - Wrist shot by Patrick Eaves.
4:55 of 3rd period - Deflect By Ladislav Nagy.
4:55 of 3rd period - Shot Misses the Net.
4:55 of 3rd period - Puck is out of play.
4:56 of 3rd period - Jonathan Toews wins face-off versus Vincent Lecavalier in Oilers zone.
5:28 of 3rd period - Slapshot by Ben Lovejoy.
5:28 of 3rd period - Stopped by Sebastien Caron with a rebound.
5:30 of 3rd period - Slapshot by Ben Lovejoy.
5:30 of 3rd period - Stopped by Sebastien Caron without a rebound.
5:31 of 3rd period - Eric Nystrom wins face-off versus Vincent Lecavalier in Oilers zone.
5:55 of 3rd period - Stephen Weiss is hit by Scott Niedermayer and loses puck.
6:29 of 3rd period - Wrist shot by Tyler Kennedy.
6:29 of 3rd period - Stopped by Dan Ellis without a rebound.
6:30 of 3rd period - Vincent Lecavalier wins face-off versus Eric Nystrom in Devils zone.
8:20 of 3rd period - Snap shot by Greg Stewart.
8:20 of 3rd period - Stopped by Sebastien Caron without a rebound.
8:21 of 3rd period - Peter Regin wins face-off versus Antti Miettinen in Oilers zone.
8:21 of 3rd period - Peter Regin is hit by Mike Lundin.
8:28 of 3rd period - Off-side.
8:29 of 3rd period - Eric Nystrom wins face-off versus Maxim Afinogenov in neutral zone.
9:40 of 3rd period - Mike Lundin is hit by Eric Nystrom and loses puck.
11:26 of 3rd period - Snap shot by Stephen Weiss.
11:26 of 3rd period - Deflect By Zach Parise.
11:26 of 3rd period - Stopped by Sebastien Caron with a rebound.
12:56 of 3rd period - Slapshot by Wayne Simmonds.
12:56 of 3rd period - Shot Misses the Net.
13:04 of 3rd period - Minor Penalty to Jason Arnott for Elbowing.
13:05 of 3rd period - Eric Nystrom wins face-off versus Ladislav Nagy in Devils zone.
13:28 of 3rd period - 10 Minutes Game Misconduct Penalty to Pavel Datsyuk is over.
13:44 of 3rd period - Antti Miettinen is hit by Scott Niedermayer.
14:12 of 3rd period - Icing by Pavel Datsyuk.
14:13 of 3rd period - Ilya Kovalchuk wins face-off versus Guillaume Latendresse in Oilers zone.
14:30 of 3rd period - Slapshot by Christian Ehrhoff.
14:30 of 3rd period - Shot Blocked by Mike Lundin.
15:04 of 3rd period - Penalty to Jason Arnott is over, Jason Arnott is back on ice.
15:55 of 3rd period - Icing by Mike Komisarek.
15:56 of 3rd period - Pavel Datsyuk wins face-off versus Stephen Weiss in Devils zone.
16:22 of 3rd period - Andy Greene is hit by Tomas Fleischmann and loses puck.
16:48 of 3rd period - Icing by Peter Regin.
16:49 of 3rd period - Peter Regin wins face-off versus Vincent Lecavalier in Oilers zone.
16:58 of 3rd period - Wrist shot by Peter Regin.
16:58 of 3rd period - Stopped by Dan Ellis with a rebound.
17:00 of 3rd period - Backhand shot by Eric Nystrom.
17:00 of 3rd period - Shot Misses the Net.
17:02 of 3rd period - Snap shot by Wayne Simmonds.
17:02 of 3rd period - Stopped by Dan Ellis with a rebound.
17:06 of 3rd period - Snap shot by Peter Regin.
17:06 of 3rd period - Shot Blocked by Ben Lovejoy.
17:10 of 3rd period - Slapshot by Peter Regin.
17:10 of 3rd period - Stopped by Dan Ellis without a rebound.
17:11 of 3rd period - Pavel Datsyuk wins face-off versus Stephen Weiss in Devils zone.
17:16 of 3rd period - Snap shot by Pavel Datsyuk.
17:16 of 3rd period - Shot Blocked by Brad Ference.
17:18 of 3rd period - Snap shot by Pavel Datsyuk.
17:18 of 3rd period - Stopped by Dan Ellis without a rebound.
17:19 of 3rd period - Stephen Weiss wins face-off versus Joe Pavelski in Devils zone.
17:21 of 3rd period - Minor Penalty to Zach Parise for Roughing.
17:22 of 3rd period - Jason Arnott wins face-off versus Pavel Datsyuk in Devils zone.
17:56 of 3rd period - Wrist shot by Tomas Fleischmann.
17:56 of 3rd period - Shot Blocked by Jay Bouwmeester.
17:58 of 3rd period - Slapshot by Jonathan Toews.
17:58 of 3rd period - Shot Blocked by Antti Miettinen.
19:21 of 3rd period - Penalty to Zach Parise is over, Zach Parise is back on ice.
19:27 of 3rd period - Wrist shot by Steve Begin.
19:27 of 3rd period - Shot Misses the Net.
19:29 of 3rd period - Slapshot by Zach Bogosian.
19:29 of 3rd period - Stopped by Dan Ellis with a rebound.
19:31 of 3rd period - Slapshot by Zach Bogosian.
19:31 of 3rd period - Shot Misses the Net.
19:33 of 3rd period - Wrist shot by Steve Begin.
19:33 of 3rd period - Shot Misses the Net.
19:35 of 3rd period - Slapshot by Steve Begin.
19:35 of 3rd period - Shot Hit the Post.
19:37 of 3rd period - Slapshot by Steve Staios.
19:37 of 3rd period - Stopped by Dan Ellis with a rebound.
19:39 of 3rd period - Snap shot by Steve Begin.
19:39 of 3rd period - Goal by Steve Begin - Devils : 6 - Oilers : 2.
19:40 of 3rd period - Vincent Lecavalier wins face-off versus Jonathan Toews in neutral zone.
Goals for this period are 1 for Devils vs 1 for Oilers.
Shots for this period are 11 for Devils vs 8 for Oilers.


Output by the SimonT Hockey Simulator (STHS) for François Prévost -- Original Page W3C XHTML 1.0 Valid
Hockey Simulator - Hockey Simulation - Hockey Manager